[Event "Titled Tuesday Blitz August 15 Early 2023"]
[White "slidingknight2775"]
[Black "Azhar, Puteri Munajjah Az-Zahraa"]
[BlackFideId "5709040"]
[WhiteElo "2458"]
[BlackElo "2160"]
[Result "1/2-1/2"]
[Round "4"]
[TimeControl "180+1"]
[Date "2023.08.15"]
[WhiteClock "0:00:05"]
[BlackClock "0:00:03"]
[Board "188"]

1. d4 Nf6 2. Nf3 d6 3. g3 g6 4. Bg2 Bg7 5. O-O O-O 6. a4 Nbd7 7. a5 c6 8. c4 Qc7 9. Nc3 e5 10. h3 Re8 11. dxe5 Nxe5 12. Nxe5 dxe5 13. Be3 Be6 14. Qa4 Nd7 15. Rac1 f5 16. Nd5 Qd6 17. Nc3 Nc5 18. Qa3 Bf8 19. Rfd1 Qe7 20. Nd5 cxd5 21. cxd5 Ne4 22. Qxe7 Rxe7 23. dxe6 Rxe6 24. Bxe4 fxe4 25. Rd7 b6 26. Rc4 Rd6 27. Rxd6 Bxd6 28. axb6 axb6 29. Bxb6 Ra1+ 30. Kg2 Rb1 31. Rxe4 Rxb2 32. Ba5 Kf7 33. Bc3 Rb5 34. h4 Ke6 35. g4 h5 36. gxh5 gxh5 37. Bd2 Kf5 38. f3 Rb2 39. Bg5 Rc2 40. Kf2 Bc5+ 41. Be3 Be7 42. Ra4 Rc6 43. Ra5 Bxh4+ 44. Kg2 Bf6 45. Bf2 Rc2 46. Kf1 Rc1+ 47. Kg2 Rc2 48. e4+ Kf4 49. Ra8 Bh4 50. Rf8+ Kg5 51. Rf5+ Kg6 52. Rxe5 Bxf2 53. Kh3 Bd4 54. Rd5 Be3 55. Rf5 Bg1 56. Rf8 Rh2+ 57. Kg3 Re2 58. Kh3 Be3 59. Rg8+ Kf7 60. Rh8 Kg6 61. Rg8+ Kf7 62. Rh8 Kg6 63. Rg8+ 1/2-1/2


[Site "https://www.chess.com"]

[Event "Titled Tuesday Blitz August 15 Early 2023"]
[White "Aung Thant Zin"]
[Black "Itkis, Boris"]
[WhiteFideId "13000063"]
[BlackFideId "1209167"]
[WhiteElo "2148"]
[BlackElo "2456"]
[Result "0-1"]
[Round "4"]
[TimeControl "180+1"]
[Date "2023.08.15"]
[WhiteClock "0:00:01"]
[BlackClock "0:00:20"]
[Board "189"]

1. e4 e6 2. d4 d5 3. Nc3 Bb4 4. exd5 exd5 5. Bd3 Nf6 6. Ne2 O-O 7. O-O c6 8. Bg5 h6 9. Bh4 Re8 10. a3 Bxc3 11. bxc3 g5 12. Bg3 Ne4 13. f3 Nxg3 14. Nxg3 Qf6 15. f4 g4 16. Qd2 Na6 17. f5 Qg5 18. Qxg5+ hxg5 19. Nh5 Kf8 20. Nf6 Rd8 21. Nxg4 Nc7 22. Rae1 Ne8 23. Re3 Kg7 24. Rfe1 Nf6 25. h3 Nxg4 26. hxg4 Bd7 27. Re7 Kf6 28. Kf2 b5 29. R1e3 a5 30. R7e5 Rab8 31. Rh3 Rh8 32. Kg3 Rxh3+ 33. gxh3 b4 34. cxb4 axb4 35. axb4 Rxb4 36. c3 Rb3 37. h4 Rxc3 38. hxg5+ Kxg5 39. Re3 c5 40. Kf2 cxd4 41. Rg3 Ra3 42. Ke2 Kf4 43. Rg1 Ra2+ 44. Kf1 Ke3 45. Rg3+ Kf4 46. Rg1 Ra1+ 47. Kg2 Rxg1+ 48. Kxg1 Kxg4 49. Kf2 Kf4 0-1


[Site "https://www.chess.com"]

[Event "Titled Tuesday Blitz August 15 Early 2023"]
[White "Ljukin, Sergei"]
[Black "Novikova, Margarita"]
[WhiteFideId "14102200"]
[BlackFideId "14109689"]
[WhiteElo "2454"]
[BlackElo "2134"]
[Result "1-0"]
[Round "4"]
[TimeControl "180+1"]
[Date "2023.08.15"]
[WhiteClock "0:00:07"]
[BlackClock "0:00:00"]
[Board "190"]

1. e4 d5 2. exd5 Qxd5 3. Nc3 Qd6 4. d4 Nf6 5. Nf3 a6 6. g3 Bg4 7. Bg2 e6 8. Ne2 c6 9. O-O Qc7 10. h3 Bh5 11. Nf4 Bg6 12. Nxg6 hxg6 13. c4 Bd6 14. c5 Be7 15. Bf4 Qd8 16. Ne5 Nbd7 17. b4 Nxe5 18. Bxe5 Nd5 19. Qd2 Bf6 20. Bd6 Be7 21. Bxe7 Qxe7 22. a4 O-O 23. b5 axb5 24. axb5 cxb5 25. Rfb1 Rxa1 26. Rxa1 Qd7 27. Qb2 b6 28. Rb1 bxc5 29. dxc5 Rb8 30. Qd4 Qc6 31. h4 b4 32. Bxd5 Qxd5 33. Rxb4 Qxd4 34. Rxd4 Rc8 35. Rc4 Rc6 36. Kg2 Kf8 37. Kf3 Ke7 38. Ke4 Kd7 39. Kd4 Kc7 40. Ra4 Kb7 41. Kc4 f6 42. Kb5 Rc8 43. Ra2 e5 44. Rd2 Kc7 45. c6 Rd8 46. Rxd8 Kxd8 47. Kc5 Kc7 48. Kd5 e4 49. Kc5 f5 50. Kd5 Kc8 51. Kd6 Kd8 52. c7+ Kc8 53. Kc6 g5 54. hxg5 g6 55. Kd6 1-0


[Site "https://www.chess.com"]

[Event "Titled Tuesday Blitz August 15 Early 2023"]
[White "Womacka, Mathias"]
[Black "Sava, Christiansen-Danut-Eugen"]
[WhiteFideId "4611390"]
[BlackFideId "1210114"]
[WhiteElo "2452"]
[BlackElo "2127"]
[Result "1-0"]
[Round "4"]
[TimeControl "180+1"]
[Date "2023.08.15"]
[WhiteClock "0:00:09"]
[BlackClock "0:00:14"]
[Board "191"]

1. e4 e6 2. d4 d5 3. Nd2 c5 4. exd5 exd5 5. Ngf3 Nc6 6. Bb5 Bd6 7. dxc5 Bxc5 8. O-O Ne7 9. Nb3 Bb6 10. Re1 O-O 11. Be3 Bc7 12. Bc5 Bd6 13. Bxd6 Qxd6 14. h3 a6 15. Bd3 f6 16. c3 Ne5 17. Nbd4 Bd7 18. Qe2 Nxf3+ 19. Qxf3 Nc6 20. Nf5 Bxf5 21. Qxf5 g6 22. Qe6+ Qxe6 23. Rxe6 Ne5 24. Bc2 Kf7 25. Rb6 Rab8 26. Bb3 Rfd8 27. Rd1 Ke7 28. Rxd5 Nd7 29. Rbd6 Ne5 30. Rxd8 Rxd8 31. Rxd8 Kxd8 32. Bd5 b6 33. b3 a5 34. Kf1 Kc7 35. Ke2 Kd6 36. Bg8 h6 37. Ke3 Nd7 38. Kd4 Ne5 39. Bd5 Nd7 40. b4 Ne5 41. f4 Nd7 42. h4 g5 43. hxg5 hxg5 44. fxg5 fxg5 45. Bf3 Nf6 46. Kc4 g4 47. Ba8 Nd7 48. Kb5 a4 49. Kxa4 Kc7 50. Kb5 Ne5 51. Be4 g3 52. a4 Ng4 53. a5 bxa5 54. Kxa5 Ne5 55. Kb5 Nd7 56. Kc4 Nf6 57. Bf3 Kd6 58. Kd4 Nd7 59. c4 Kc7 60. c5 Nf6 61. Ke3 Nd7 62. Kf4 Nf6 63. Kxg3 Nh5+ 64. Bxh5 Kc6 65. Bf3+ Kb5 66. Kf4 Ka4 67. g4 Ka3 68. g5 Ka2 69. g6 Ka1 70. g7 Kb1 71. g8=Q Ka1 72. Qc4 Kb1 73. b5 Ka1 74. Qe2 Kb1 75. c6 Ka1 76. c7 Kb1 77. Bd5 Ka1 78. Qa2# 1-0


[Site "https://www.chess.com"]

[Event "Titled Tuesday Blitz August 15 Early 2023"]
[White "Daurelle, Herve"]
[Black "Mrudul Dehankar"]
[WhiteFideId "602655"]
[BlackFideId "25096990"]
[WhiteElo "2125"]
[BlackElo "2450"]
[Result "0-1"]
[Round "4"]
[TimeControl "180+1"]
[Date "2023.08.15"]
[WhiteClock "0:00:00"]
[BlackClock "0:00:07"]
[Board "192"]

1. e4 c6 2. c4 d5 3. exd5 cxd5 4. cxd5 Nf6 5. Nc3 g6 6. Bc4 Nbd7 7. d3 Nb6 8. Qb3 Bg7 9. Nge2 O-O 10. O-O Bd7 11. Re1 Rc8 12. Nf4 Bf5 13. Be3 Nxc4 14. dxc4 Qc7 15. c5 Ng4 16. d6 exd6 17. cxd6 Qxd6 18. Rad1 Qf6 19. Nfd5 Qh4 20. h3 Nxe3 21. Rxe3 Be6 22. Qxb7 Rb8 23. Qxa7 Rxb2 24. Re4 Qg5 25. Qe7 Qh5 26. Qh4 Qxh4 27. Rxh4 h5 0-1


[Site "https://www.chess.com"]

[Event "Titled Tuesday Blitz August 15 Early 2023"]
[White "Pesotskiy, Mikhail"]
[Black "Larina, Maria"]
[WhiteFideId "34164453"]
[BlackFideId "24113182"]
[WhiteElo "2449"]
[BlackElo "2116"]
[Result "1-0"]
[Round "4"]
[TimeControl "180+1"]
[Date "2023.08.15"]
[WhiteClock "0:00:45"]
[BlackClock "0:00:00"]
[Board "193"]

1. d4 f5 2. Bg5 g6 3. h4 h6 4. Bf4 Nf6 5. c4 d6 6. Nc3 e6 7. Nf3 Bg7 8. e3 Qe7 9. Bd3 Nc6 10. d5 Nd8 11. dxe6 Nxe6 12. Bh2 Nc5 13. Bc2 O-O 14. Qe2 Be6 15. Nd4 Ng4 16. Nxe6 Qxe6 17. Bf4 c6 18. O-O-O Ne5 19. Rd4 a5 20. Rhd1 Rfd8 21. h5 g5 22. Bh2 Nf7 23. R4d2 Bxc3 24. bxc3 Ne5 25. Rd4 a4 26. Bxe5 Qxe5 27. Qf3 Rf8 28. Rxd6 Qxc3 29. Rg6+ Kh7 30. Qg3 Rfd8 31. Qc7+ 1-0


[Site "https://www.chess.com"]

[Event "Titled Tuesday Blitz August 15 Early 2023"]
[White "Rosenberg, Evan S"]
[Black "Souza Neves, Andrey M."]
[WhiteFideId "2019299"]
[BlackFideId "2101815"]
[WhiteElo "2446"]
[BlackElo "2103"]
[Result "1-0"]
[Round "4"]
[TimeControl "180+1"]
[Date "2023.08.15"]
[WhiteClock "0:00:03"]
[BlackClock "0:00:00"]
[Board "194"]

1. d4 d5 2. Nf3 Nf6 3. Bg5 Ne4 4. Bh4 c5 5. e3 Qb6 6. Nc3 Nxc3 7. bxc3 Nc6 8. Be2 e6 9. O-O Be7 10. Bxe7 Nxe7 11. Rb1 Qc7 12. dxc5 O-O 13. Qd4 Nf5 14. Qb4 Rb8 15. Bd3 Ne7 16. c4 dxc4 17. Qxc4 Nd5 18. Nd4 Bd7 19. Nb5 Bxb5 20. Rxb5 Rfc8 21. Rfb1 a6 22. R5b3 b5 23. Qh4 g6 24. a4 Qxc5 25. axb5 axb5 26. h3 b4 27. Ra1 Ra8 28. Rxa8 Rxa8 29. Be4 Ra1+ 30. Kh2 Kg7 31. Bxd5 Qxd5 32. Qxb4 Qe5+ 33. f4 Qf6 34. Qc3 Qxc3 35. Rxc3 Kf6 36. e4 Re1 37. e5+ Kf5 38. Kg3 Rf1 39. Rc7 f6 40. Rf7 Ke4 41. Rxf6 Rc1 42. Rxe6 Rxc2 43. Rf6 Rc3+ 44. Kh2 Rc2 45. e6 Rc8 46. e7 Re8 47. Rf7 h5 48. Kg3 Kd5 49. Kh4 Ke6 50. Rh7 Rg8 51. Kg5 Kd7 52. h4 Ke8 53. Kf6 Kd7 54. Rf7 Re8 55. Kxg6 Kd6 56. Kf6 Rg8 57. Rf8 Rxg2 58. e8=Q Rf2 59. Qe6+ Kc5 60. f5 Kd4 61. Rd8+ 1-0


[Site "https://www.chess.com"]

[Event "Titled Tuesday Blitz August 15 Early 2023"]
[White "Manukian, Artak"]
[Black "Lakshmi C"]
[WhiteFideId "13301373"]
[BlackFideId "25035347"]
[WhiteElo "2444"]
[BlackElo "2083"]
[Result "1-0"]
[Round "4"]
[TimeControl "180+1"]
[Date "2023.08.15"]
[WhiteClock "0:01:03"]
[BlackClock "0:00:00"]
[Board "195"]

1. e4 c5 2. Nf3 Nc6 3. c3 e5 4. Bc4 Be7 5. d4 cxd4 6. cxd4 exd4 7. Nxd4 Ne5 8. Be2 d6 9. Nc3 Nf6 10. O-O O-O 11. f4 Nc6 12. Nc2 Qb6+ 13. Kh1 Rd8 14. Ne3 Bf8 15. Ned5 Nxd5 16. Nxd5 Qd4 17. Qc2 Nb4 18. Nxb4 Qxb4 19. Bd2 Qb6 20. Bc3 Bd7 21. Rad1 Bc6 22. Bc4 Qc5 23. Bd5 Bb5 24. Rf3 Rd7 25. Rg3 Kh8 26. h4 Bc6 27. h5 h6 28. f5 f6 29. Be6 Rc7 30. Qe2 Bb5 31. Qg4 1-0


[Site "https://www.chess.com"]

[Event "Titled Tuesday Blitz August 15 Early 2023"]
[White "Osiecki, Stanislaw"]
[Black "Bobkov, Vadim"]
[WhiteFideId "1102990"]
[BlackFideId "34110876"]
[WhiteElo "2048"]
[BlackElo "2443"]
[Result "0-1"]
[Round "4"]
[TimeControl "180+1"]
[Date "2023.08.15"]
[WhiteClock "0:00:03"]
[BlackClock "0:00:04"]
[Board "196"]

1. e4 c5 2. c3 g6 3. d4 cxd4 4. cxd4 d5 5. exd5 Nf6 6. Nc3 Bg7 7. Nf3 O-O 8. Be2 Nxd5 9. Nxd5 Qxd5 10. O-O Nc6 11. Be3 Rd8 12. h3 Nxd4 13. Nxd4 Bxd4 14. Bxd4 Qxd4 15. Qb3 Be6 16. Qxb7 Rab8 17. Qxe7 Re8 18. Qc7 Rxb2 19. Bf3 Rxf2 20. Rxf2 Qxa1+ 21. Kh2 Qd4 22. Re2 Rc8 23. Qg3 Rc1 24. Qf2 Qa1 25. g3 Rf1 26. Qe3 h5 27. Bg2 Rd1 28. Qxa7 h4 29. Qf2 hxg3+ 30. Qxg3 Bxa2 31. Qb8+ Kg7 32. Qe8 Bc4 33. Rf2 Qd4 34. Qe7 Qxf2 35. Qe5+ Kh7 36. Qg5 Qg1+ 37. Kg3 Rd3+ 38. Kh4 Qe1+ 39. Kg4 Rg3+ 40. Kf4 Qe3# 0-1


[Site "https://www.chess.com"]

[Event "Titled Tuesday Blitz August 15 Early 2023"]
[White "WindWhistler11"]
[Black "Wilson, Otis"]
[BlackFideId "30904021"]
[WhiteElo "2434"]
[BlackElo "1974"]
[Result "1-0"]
[Round "4"]
[TimeControl "180+1"]
[Date "2023.08.15"]
[WhiteClock "0:01:20"]
[BlackClock "0:00:00"]
[Board "197"]

1. Nf3 d6 2. c4 Nf6 3. g3 e5 4. Bg2 Kd7 5. O-O g6 6. d4 e4 7. Ng5 Qe7 8. Nc3 Bg7 9. Ngxe4 Nxe4 10. Nxe4 Nc6 11. Bg5 f6 12. Be3 f5 13. Nc3 Qf7 14. c5 Re8 15. Qa4 dxc5 16. dxc5 Bxc3 17. bxc3 Qf6 18. h4 Qxc3 19. Bg5 Qxc5 20. Rfd1+ 1-0


[Site "https://www.chess.com"]

[Event "Titled Tuesday Blitz August 15 Early 2023"]
[White "Yeritsyan, Hayk"]
[Black "Vargas, Mauricio"]
[WhiteFideId "13307320"]
[BlackFideId "4404572"]
[WhiteElo "2432"]
[BlackElo "1885"]
[Result "1-0"]
[Round "4"]
[TimeControl "180+1"]
[Date "2023.08.15"]
[WhiteClock "0:02:25"]
[BlackClock "0:00:00"]
[Board "198"]

1. d4 Nf6 2. Nf3 d6 3. Bf4 g6 4. h3 Bg7 5. e3 O-O 6. c3 Nbd7 7. Be2 b6 8. O-O Bb7 9. Bh2 Rb8 10. Nbd2 c5 11. Rc1 Re8 12. Re1 h6 13. b4 Kh7 14. Nb3 e5 15. Rf1 Re7 16. Re1 Qe8 17. Rb1 Be4 18. Rc1 Bb7 19. a4 Ne4 20. a5 1-0


[Site "https://www.chess.com"]

[Event "Titled Tuesday Blitz August 15 Early 2023"]
[White "Begunov, Konstantin"]
[Black "Skiadopoulos, Nikolaos"]
[WhiteFideId "4118510"]
[BlackFideId "4200772"]
[WhiteElo "2431"]
[BlackElo "1881"]
[Result "1-0"]
[Round "4"]
[TimeControl "180+1"]
[Date "2023.08.15"]
[WhiteClock "0:00:41"]
[BlackClock "0:00:00"]
[Board "199"]

1. d4 Nf6 2. c4 c5 3. Nf3 g6 4. Nc3 Bg7 5. g3 O-O 6. Bg2 cxd4 7. Nxd4 d6 8. O-O Qa5 9. e4 Bg4 10. f3 Bd7 11. Be3 Nc6 12. Qd2 Nxd4 13. Bxd4 Qh5 14. Rac1 Bh3 15. Bxh3 Qxh3 16. Nd5 Nxd5 17. cxd5 Qd7 18. Rc4 Bxd4+ 19. Qxd4 b5 20. Rc6 Rac8 21. Rfc1 Rxc6 22. dxc6 Qc7 23. Kg2 Rc8 24. h4 Qb6 25. Qxb6 axb6 26. c7 Kf8 27. Rc6 Ke8 28. Rxb6 Rxc7 29. Rxb5 Rc2+ 30. Kh3 h5 31. a4 Rf2 32. a5 Kd7 33. a6 Rf1 34. Rb7+ Ke6 35. a7 Ra1 36. b4 d5 37. exd5+ Kxd5 38. b5 1-0


[Site "https://www.chess.com"]

[Event "Titled Tuesday Blitz August 15 Early 2023"]
[White "Miszler, Levente"]
[Black "Da Paz, Leonardo Gadelha"]
[WhiteFideId "763276"]
[BlackFideId "2109743"]
[WhiteElo "2422"]
[BlackElo "1868"]
[Result "1-0"]
[Round "4"]
[TimeControl "180+1"]
[Date "2023.08.15"]
[WhiteClock "0:00:52"]
[BlackClock "0:01:04"]
[Board "200"]

1. e4 c5 2. Nf3 d6 3. d4 cxd4 4. Nxd4 Nf6 5. Nc3 e6 6. Be3 a6 7. Qd2 b5 8. h3 Bb7 9. f3 Nbd7 10. g4 d5 11. g5 Nh5 12. exd5 Bxd5 13. Nxd5 exd5 14. O-O-O Qc7 15. Nf5 Rc8 16. Bd3 g6 17. Rhe1 Kd8 18. Bd4 Rg8 19. Qe3 Qf4 20. a4 Qxe3+ 21. Nxe3 Nf4 22. axb5 Nxd3+ 23. Rxd3 axb5 24. Nxd5 Bd6 25. Nf6 Bf4+ 26. Kb1 Nxf6 27. Bxf6+ Kc7 28. Re7+ Kb6 29. Rdd7 Rc7 30. Bd4+ Kb7 31. Rxc7+ Bxc7 32. Be5 Rc8 33. Rxf7 Kc6 34. Rxc7+ Rxc7 35. Bxc7 Kxc7 36. c3 Kd6 37. Kc2 Ke5 38. b4 Kf4 39. c4 bxc4 40. b5 Ke5 41. Kc3 Kd5 42. b6 Kc6 43. Kxc4 Kxb6 44. Kd5 Kc7 45. Ke6 Kc6 46. Kf6 Kd6 47. Kg7 Ke7 48. Kxh7 Kf7 49. Kh6 1-0


[Site "https://www.chess.com"]

[Event "Titled Tuesday Blitz August 15 Early 2023"]
[White "Novikov, Evgenij"]
[Black "cthake"]
[WhiteFideId "4125380"]
[WhiteElo "2422"]
[BlackElo "1822"]
[Result "1-0"]
[Round "4"]
[TimeControl "180+1"]
[Date "2023.08.15"]
[WhiteClock "0:00:25"]
[BlackClock "0:01:00"]
[Board "201"]

1. f4 d5 2. Nf3 c5 3. g3 Nc6 4. Bg2 g6 5. O-O Bg7 6. d3 e6 7. c3 Nf6 8. a4 b6 9. Qc2 Bb7 10. e4 O-O 11. e5 Nd7 12. Be3 Qc7 13. Na3 a6 14. Rac1 Rac8 15. Qf2 Ne7 16. d4 c4 17. Nc2 Nf5 18. Bd2 h5 19. h3 Bc6 20. g4 hxg4 21. hxg4 Ne7 22. Ng5 Bh6 23. Qh4 Kg7 24. f5 exf5 25. Ne6+ fxe6 26. Qxe7+ Rf7 27. Bxh6+ Kg8 28. Qxe6 Nf8 29. Bxf8 Kxf8 30. gxf5 gxf5 31. Rxf5 Re8 32. Rxf7+ Qxf7 33. Qxc6 Qf2+ 34. Kxf2 1-0


[Site "https://www.chess.com"]

[Event "Titled Tuesday Blitz August 15 Early 2023"]
[White "Zampronha, Wladimir Camilo"]
[Black "Delorme, Axel"]
[WhiteFideId "2103087"]
[BlackFideId "632023"]
[WhiteElo "2235"]
[BlackElo "2484"]
[Result "0-1"]
[Round "4"]
[TimeControl "180+1"]
[Date "2023.08.15"]
[WhiteClock "0:01:11"]
[BlackClock "0:00:36"]
[Board "202"]

1. e4 c5 2. Nf3 d6 3. d4 cxd4 4. Nxd4 Nf6 5. Nc3 Bd7 6. Bg5 e6 7. Qd2 h6 8. Bh4 Nxe4 9. Nxe4 Qxh4 10. Bd3 d5 11. g3 Qd8 12. Nc3 Nc6 13. Nxc6 Bxc6 14. O-O-O Bb4 15. Qf4 Bxc3 16. bxc3 Qa5 17. Rhe1 O-O 18. Qb4 Qxa2 19. Kd2 Qa4 20. Qb2 Qg4 21. f4 a5 22. Qb6 a4 23. Ra1 Rfe8 24. Bb5 Rec8 25. Bxc6 bxc6 26. Qb4 c5 27. Qb5 d4 28. Rxa4 Rxa4 29. Qxa4 dxc3+ 30. Kxc3 Qf3+ 31. Kd2 Qf2+ 32. Re2 Rd8+ 0-1


[Site "https://www.chess.com"]

[Event "Titled Tuesday Blitz August 15 Early 2023"]
[White "Harriott, Tyrell"]
[Black "Thiel, Thomas"]
[WhiteFideId "2086484"]
[BlackFideId "4615964"]
[WhiteElo "2418"]
[BlackElo "2226"]
[Result "1-0"]
[Round "4"]
[TimeControl "180+1"]
[Date "2023.08.15"]
[WhiteClock "0:00:22"]
[BlackClock "0:00:45"]
[Board "203"]

1. d4 d5 2. e3 Nf6 3. Bd3 g6 4. f4 Bg7 5. Nf3 O-O 6. O-O c5 7. c3 cxd4 8. exd4 Nc6 9. Nbd2 Bg4 10. Qe1 e6 11. Ne5 Bf5 12. Be2 Ne4 13. Nb3 h5 14. Be3 Rc8 15. Rc1 a6 16. Bf2 Nxe5 17. dxe5 Nxf2 18. Qxf2 b5 19. Nd4 Be4 20. g4 hxg4 21. Bxg4 g5 22. Bf3 gxf4 23. Bxe4 dxe4 24. Qxf4 Qd5 25. Rce1 Qxe5 26. Qxe5 Bxe5 27. Rxe4 Bxd4+ 28. Rxd4 Rfd8 29. Rg4+ Kf8 30. Rh4 Ke7 31. Rh7 Rf8 32. h4 Rc4 33. Kg2 Re4 34. Rf2 Rg8+ 35. Kh3 Re3+ 36. Kh2 Rf8 37. h5 e5 38. h6 Ke6 39. Rg2 Rf3 40. Rg3 Rf6 41. Rh3 Rg8 42. Rg7 Rxg7 43. hxg7 Rg6 44. Rg3 1-0


[Site "https://www.chess.com"]

[Event "Titled Tuesday Blitz August 15 Early 2023"]
[White "Floresvillar Gonzalez, Luis Migu"]
[Black "Gheorghiu, Calin"]
[WhiteFideId "5100542"]
[BlackFideId "1200305"]
[WhiteElo "2114"]
[BlackElo "2402"]
[Result "0-1"]
[Round "4"]
[TimeControl "180+1"]
[Date "2023.08.15"]
[WhiteClock "0:00:00"]
[BlackClock "0:00:44"]
[Board "204"]

1. d4 Nf6 2. c3 g6 3. Bg5 Bg7 4. Nd2 d5 5. e3 O-O 6. h4 h5 7. Bxf6 exf6 8. Bd3 f5 9. Ngf3 c5 10. g3 Nc6 11. dxc5 Qe7 12. Nb3 f4 13. gxf4 Bg4 14. Be2 a5 15. Nfd4 Bxe2 16. Qxe2 a4 17. Nxc6 bxc6 18. Nd4 Qxc5 19. a3 Rab8 20. O-O Qb6 21. Rab1 Rfe8 22. Rfd1 c5 23. Nf3 d4 24. cxd4 cxd4 25. Rd3 dxe3 26. Rxe3 Rxe3 27. Qxe3 Qxe3 28. fxe3 Rxb2 29. Rxb2 Bxb2 30. Nd4 Bxa3 31. Nc2 Bb2 32. Nb4 Bf6 33. Na2 Bxh4 0-1


[Site "https://www.chess.com"]

[Event "Titled Tuesday Blitz August 15 Early 2023"]
[White "Buscar, Michael"]
[Black "Hartikainen, Jarmo"]
[WhiteFideId "2603616"]
[BlackFideId "503134"]
[WhiteElo "2398"]
[BlackElo "2110"]
[Result "1-0"]
[Round "4"]
[TimeControl "180+1"]
[Date "2023.08.15"]
[WhiteClock "0:01:21"]
[BlackClock "0:00:24"]
[Board "205"]

1. Nf3 Nf6 2. g3 g6 3. Bg2 Bg7 4. O-O O-O 5. c4 c5 6. Nc3 Nc6 7. d3 d5 8. cxd5 Nxd5 9. Nxd5 Qxd5 10. Ne1 Qd8 11. Nc2 Nd4 12. Ne3 e6 13. Rb1 Qc7 14. b4 Rb8 15. Ba3 b6 16. bxc5 bxc5 17. Rxb8 Qxb8 18. Bxc5 Rd8 19. Nc2 Nxc2 20. Qxc2 Bb7 21. Rb1 Rd7 22. Qa4 Qc8 23. Bxb7 Rxb7 24. Rxb7 Qxc5 25. Qe8+ Qf8 26. Qxf8+ Kxf8 27. Rxa7 Bd4 28. Rb7 1-0


[Site "https://www.chess.com"]

[Event "Titled Tuesday Blitz August 15 Early 2023"]
[White "Vila Dupla, Aurelio"]
[Black "Dilmukhametov, Artur"]
[WhiteFideId "2203383"]
[BlackFideId "24179922"]
[WhiteElo "2100"]
[BlackElo "2294"]
[Result "1-0"]
[Round "4"]
[TimeControl "180+1"]
[Date "2023.08.15"]
[WhiteClock "0:01:24"]
[BlackClock "0:00:56"]
[Board "206"]

1. Nf3 d5 2. d4 Nf6 3. c4 e6 4. cxd5 Nxd5 5. e4 Nf6 6. Nc3 c5 7. d5 Be7 8. Bb5+ Bd7 9. dxe6 fxe6 10. e5 Ng4 11. Qa4 Nh6 12. Bxh6 gxh6 13. O-O-O Nc6 14. Bxc6 bxc6 15. Ne4 O-O 16. Nf6+ Bxf6 17. exf6 Qc7 18. Qg4+ Kh8 19. Qg7# 1-0


[Site "https://www.chess.com"]

[Event "Titled Tuesday Blitz August 15 Early 2023"]
[White "Ouellet, Maili-Jade"]
[Black "Stangl, Anita, Dr."]
[WhiteFideId "2620472"]
[BlackFideId "4608801"]
[WhiteElo "2286"]
[BlackElo "2078"]
[Result "1-0"]
[Round "4"]
[TimeControl "180+1"]
[Date "2023.08.15"]
[WhiteClock "0:00:13"]
[BlackClock "0:00:01"]
[Board "207"]

1. e4 e6 2. d4 d5 3. Nc3 Nf6 4. e5 Nfd7 5. f4 c5 6. Nf3 Nc6 7. Be3 Qb6 8. Na4 Qa5+ 9. c3 cxd4 10. Nxd4 Nxd4 11. b4 Bxb4 12. Bxd4 Be7 13. Rb1 O-O 14. Bd3 a6 15. Nb6 Nxb6 16. Bxb6 Qxc3+ 17. Ke2 Qc6 18. Qb3 f6 19. Rbc1 Qe8 20. Bd4 Qh5+ 21. Kd2 fxe5 22. Bxe5 Bf6 23. Bd6 Rd8 24. Bc7 Rd7 25. Rc2 e5 26. Re1 Qg4 27. fxe5 Bg5+ 28. Re3 Qxg2+ 29. Be2 Qe4 30. Bb6 Kh8 31. Bd3 Qxe3+ 32. Bxe3 Bxe3+ 33. Kxe3 Rd8 34. Rf2 d4+ 35. Ke2 Bg4+ 36. Kd2 Re8 37. Qd5 Rad8 38. Qe4 g6 39. Qxg4 Rxe5 40. Rf7 Kg8 41. Rxh7 g5 42. Qh5 Rde8 43. Qf7# 1-0


[Site "https://www.chess.com"]

[Event "Titled Tuesday Blitz August 15 Early 2023"]
[White "ivana_999"]
[Black "Kula, Robert"]
[BlackFideId "1101218"]
[WhiteElo "2044"]
[BlackElo "2245"]
[Result "0-1"]
[Round "4"]
[TimeControl "180+1"]
[Date "2023.08.15"]
[WhiteClock "0:00:00"]
[BlackClock "0:00:41"]
[Board "208"]

1. d4 d5 2. c4 c6 3. Nc3 Nf6 4. Nf3 dxc4 5. e4 Be6 6. e5 Nd5 7. Ng5 Nxc3 8. bxc3 Bd5 9. e6 fxe6 10. Be2 g6 11. Bg4 Qd6 12. Bf3 Bg7 13. Bxd5 exd5 14. Qf3 Qf6 15. Qg4 O-O 16. Ne6 Qxf2+ 17. Kd1 Qf5 18. Qxf5 gxf5 19. Nxf8 Bxf8 20. Rf1 e6 21. Re1 Kf7 22. Kc2 Nd7 23. Bf4 Nf6 24. Re3 b5 25. a4 a5 26. axb5 cxb5 27. Bc7 a4 28. Rh3 b4 29. cxb4 Bxb4 30. Be5 Be7 31. Bxf6 Bxf6 32. Rxh7+ Bg7 33. Kc3 Kg6 34. Rh3 Rb8 35. Rxa4 Rb3+ 36. Kc2 Rxh3 37. gxh3 Bxd4 38. Ra6 Kf6 39. h4 f4 40. Kd1 f3 41. Ke1 c3 42. Rc6 Kf5 43. h5 Bf6 44. h6 d4 45. h7 d3 46. Rc5+ Ke4 0-1


[Site "https://www.chess.com"]

[Event "Titled Tuesday Blitz August 15 Early 2023"]
[White "White, John S."]
[Black "agvania123"]
[WhiteFideId "2502348"]
[WhiteElo "2017"]
[BlackElo "2245"]
[Result "0-1"]
[Round "4"]
[TimeControl "180+1"]
[Date "2023.08.15"]
[WhiteClock "0:00:04"]
[BlackClock "0:00:03"]
[Board "209"]

1. e4 e5 2. Nf3 Nf6 3. Nc3 Nc6 4. Bc4 Bc5 5. d3 h6 6. Be3 d6 7. Bxc5 dxc5 8. O-O O-O 9. h3 a6 10. a4 Qd6 11. Qe2 Nd4 12. Qd1 Be6 13. Bxe6 Qxe6 14. Ne2 Nxf3+ 15. gxf3 Qxh3 16. Ng3 Nh5 17. Nxh5 Qxh5 18. Kg2 f5 19. Rh1 Qg5+ 20. Kf1 fxe4 21. fxe4 Rf4 22. Rh5 Qf6 23. Qe2 Rf8 24. Rh2 Qg5 25. Rg2 Qh4 26. a5 R8f6 27. Ra4 Qh1+ 28. Rg1 Qh3+ 29. Ke1 Qh2 30. Rf1 Qh3 31. Rc4 b6 32. axb6 cxb6 33. Ra4 a5 34. Ra3 Qd7 35. Rb3 b5 36. Ra3 a4 37. c3 b4 38. cxb4 cxb4 39. Ra1 Qd4 40. Rxa4 Rf3 41. Ra8+ Kh7 42. Qc2 Rxd3 43. Rc8 Re3+ 44. fxe3 Qxe3+ 45. Qe2 Qg3+ 46. Kd1 Rxf1+ 47. Qxf1 Qg4+ 48. Qe2 Qxc8 49. Qf3 Qd7+ 50. Kc1 Qc6+ 51. Kb1 Qc7 52. Qf5+ g6 53. Qf6 Qg7 54. Qd6 b3 55. Qd5 g5 56. Qxb3 g4 57. Qg3 h5 58. b4 Qg5 59. Kc2 h4 60. Qg1 g3 61. Qa7+ Kh6 62. Qb6+ Qg6 63. Qc5 g2 64. Qg1 h3 65. Kd2 Qg3 66. Qb6+ Qg6 67. Qg1 Kh5 68. Qh2 Qg4 69. Qxe5+ Qg5+ 70. Qxg5+ Kxg5 71. Ke2 g1=Q 72. e5 Kf5 73. e6 Kxe6 74. b5 Qb6 75. Kd3 h2 76. Kd2 h1=Q 77. Ke2 Qd5 78. Kf1 Qbxb5+ 79. Ke1 Qdc4 80. Kf2 Qbb3 81. Ke1 Qcc2 82. Kf1 Qbb1# 0-1


[Site "https://www.chess.com"]